 Dungeon Crawl Stone Soup version 0.25.0-33-gff14898491 (webtiles) character file.

Game seed: 9502749015888997935

100 MisterFreud the Chiller (level 4, 0/35 HPs)
             Began as a Demonspawn Ice Elementalist on July 7, 2020.
             Killed by divine providence
             ... invoked by an orc priest
              (15 damage)
             ... on level 3 of the Dungeon.
             The game lasted 00:03:36 (2696 turns).

MisterFreud the Chiller (DsIE)                      Turns: 2696, Time: 00:03:36

Health: 0/35       AC:  2    Str: 15    XL:     4   Next: 47%
Magic:  2/8        EV: 12    Int: 17    God:
Gold:   83         SH:  0    Dex: 13    Spells: 4/8 levels left

rFire    . . .     SeeInvis .   e - +0 short sword
rCold    . . .     Gourm    .   (no shield)
rNeg     . . .     Faith    .   a - +0 robe
rPois    .         Spirit   .   (no helmet)
rElec    .         Reflect  .   (no cloak)
rCorr    .         Harm     .   (no gloves)
MR       .....                  (no boots)
Stlth    ++........             (no amulet)
HPRegen  0.11/turn              j - +6 ring of strength (curse)
MPRegen  0.11/turn              p - ring of wizardry

@: frozen ramparts
A: claws 1, demonic guardian 1
a: no special abilities


You were on level 3 of the Dungeon.
You were hungry.

You visited 1 branch of the dungeon, and saw 3 of its levels.

You collected 83 gold pieces.

Inventory:

Hand Weapons
 e - a +0 short sword (weapon)
Missiles
 o - 5 poisoned darts (quivered)
Armour
 a - a +0 robe (worn)
Jewellery
 j - a cursed +6 ring of strength (left claw)
 l - a +6 ring of intelligence
 p - a ring of wizardry (right claw)
Scrolls
 b - a scroll of immolation {unknown}
 f - 2 scrolls of teleportation {unknown}
 h - 2 scrolls of amnesia {unknown}
 i - 6 scrolls of identify {unknown}
 k - a scroll of magic mapping {unknown}
 m - a scroll of fog {unknown}
 q - a scroll of random uselessness {unknown}
Potions
 d - a potion of degeneration {unknown}
 g - a potion of flight {unknown}
 n - a potion of curing {unknown}
 r - a potion of lignification {unknown}
Comestibles
 c - a ration


   Skills:
 - Level 3.0 Fighting
 - Level 1.7 Dodging
 - Level 1.7 Stealth
 + Level 2.7 Spellcasting
 + Level 4.1 Ice Magic


You had 4 spell levels left.
You knew the following spells:

 Your Spells              Type           Power        Failure   Level  Hunger
a - Freeze                Ice            ###.         1%          1    #......
b - Frozen Ramparts       Ice            ###...       4%          3    ###....

Your spell library contained the following spells:

 Spells                   Type           Power        Failure   Level  Hunger
 Ozocubu's Armour         Chrm/Ice       #.......     10%         3    ###....
 Hailstorm                Conj/Ice       #.......     30%         4    #####..
 Summon Ice Beast         Ice/Summ       #.......     30%         4    #####..


Dungeon Overview and Level Annotations

Branches:
Dungeon (3/15)

Altars:
Dithmenos
Elyvilon
Hepliaklqana
Kikubaaqudgha
Qazlal
Wu Jian


Innate Abilities, Weirdness & Mutations

You have sharp fingernails.
A weak demonic guardian rushes to your aid.


Message History

Your shadow imp disappears in a puff of smoke!
The wall freezes the orc wizard. x2
The orc wizard hits you but does no damage.
Your iron imp hits the orc warrior.
The frozen ramparts melt away.
The orc wizard hits you with a +0 dagger.
Casting: Frozen Ramparts (dangerous; 4% risk of failure)
Confirm with . or Enter, or press ? or * to list all spells.
The walls around you are covered in ice.
The wall freezes the orc wizard.
You kill the orc wizard!
Your Ice Magic skill increases to level 4!
An orc priest comes into view. It is wielding a +0 club.
Your iron imp hits the orc warrior.
Your quasit closely misses the orc warrior.
Your quasit claws the orc warrior but does no damage.
Your quasit closely misses the orc warrior.
The orc priest mumbles some strange prayers to Beogh against you.
Beogh smites you!
You die...

....K..o........
.....5.o...... ..#.
#.........# .....
#.....o...# .....
#.........#####....
######.(.....#.....
#....>..#.#.....
###+#o..#...#.#...
##@..))..#.....#.#.
#.o5†....#.......#.
#..5...............
#......#.#.........
#......#.#..#......
#...##.#.#.........
##.......##.#.##.#.
#.....####......#.
#.....####...####.


You could see an orc warrior, an orc priest, a friendly iron imp (summoned) and
a friendly quasit (summoned).

Vanquished Creatures
  An orc wizard (D:3)
  2 dart slugs
  A leopard gecko (D:1)
  6 orcs (D:3)
  A ball python (D:1)
  A giant cockroach (D:1)
  8 goblins
  7 hobgoblins
  3 jackals (D:2)
  7 bats
  3 frilled lizards
  8 kobolds
  13 rats
61 creatures vanquished.

Vanquished Creatures (collateral kills)
  A bat (D:3)
1 creature vanquished.

Grand Total: 62 creatures vanquished

Notes
Turn   | Place    | Note
-------+----------+-------------------------------------------
     0 | D:1      | MisterFreud the Demonspawn Ice Elementalist began the quest
                  | for the Orb.
     0 | D:1      | Reached XP level 1. HP: 13/13 MP: 3/3
    99 | D:1      | Reached skill level 1 in Fighting
   445 | D:1      | Gained mutation: A weak demonic guardian rushes to your
                  | aid. [demonic ancestry]
   445 | D:1      | Reached XP level 2. HP: 22/22 MP: 5/5
  1074 | D:2      | Found an ornate altar of the Wu Jian Council.
  1092 | D:2      | Reached XP level 3. HP: 28/28 MP: 3/6
  1139 | D:2      | Found a white marble altar of Elyvilon.
  1152 | D:2      | Learned a level 3 spell: Frozen Ramparts
  1350 | D:2      | Found an ancient bone altar of Kikubaaqudgha.
  1351 | D:2      | Found a stormy altar of Qazlal.
  1351 | D:2      | Found a hazy altar of Hepliaklqana.
  1416 | D:2      | Found a shadowy altar of Dithmenos.
  2675 | D:3      | Noticed an orc warrior
  2684 | D:3      | Gained mutation: You have sharp fingernails. [demonic
                  | ancestry]
  2684 | D:3      | Reached XP level 4. HP: 34/35 MP: 7/7
  2696 | D:3      | Reached skill level 4 in Ice Magic
  2696 | D:3      | Killed from afar by an orc priest

Illustrated notes

Levels and vault maps discovered:
D:1:      lightli_arrival_isolated_outpost, layout_loops_ring, bh_walls_and_bars
D:2:      layout_loops_corners, lemuel_doored_altar, grunt_temple_overflow_open,
          elyvilon_altar_5
D:3:      minmay_octagon_keep, layout_basic, portal_sewer_entry_b,
          skrybe_limestone_x, st_stairs_11, uniq_terence

Skill      XL: |  1  2  3  4 |
---------------+-------------+-----
Fighting       | 1 2 3 |  3.0
Ice Magic      | 4 |  4.1
Dodging        | |  1.7
Stealth        | |  1.7
Spellcasting   | |  2.7

Action                   |  1- 3 |  4- 6 || total
-------------------------+-------+-------++-------
Melee: Short sword       |    59 |     2 ||    61
       Unarmed           |     2 |       ||     2
 Cast: Freeze            |    32 |       ||    32
       Frozen Ramparts   |     4 |     2 ||     6
 Stab: Sleeping          |     9 |       ||     9
  Eat: Chunk             |     6 |       ||     6
Armor: Robe              |    18 |     1 ||    19
Dodge: Dodged            |    64 |     2 ||    66
